 Dungeon Crawl Stone Soup version 0.21-a0-79-g04744e2 (webtiles) character file.

98 KristoblXynda the Sneak (level 4, 0/33 HPs)
             Began as a Vampire Assassin on June 22, 2017.
             Slain by an orc
             ... wielding a +1 dagger of draining
              (6 damage)
             ... on level 3 of the Dungeon.
             The game lasted 00:04:59 (1682 turns).

KristoblXynda the Sneak (Vampire Assassin)          Turns: 1682, Time: 00:04:59

Health: 0/33       AC:  4    Str: 10    XL:     4   Next: 44%
Magic:  4/4        EV: 13    Int: 14    God:
Gold:   63         SH:  0    Dex: 15    Spells: 3/3 levels left

rFire    + . .     SeeInvis +   a - +2 dagger
rCold    + + .     Gourm    .   (no shield)
rNeg     + + +     Faith    .   c - +0 robe
rPois    +         Spirit   .   n - +0 helmet
rElec    +         Reflect  .   d - +0 cloak
rCorr    +         Harm     .   (no gloves)
MR       .....                  (no boots)
Stlth    ++++......             (no amulet)
HPRegen  0.05/turn              k - ring of positive energy
MPRegen  0.09/turn              (no ring)

@: resistant, very slightly contaminated, regenerating slowly, invisible
A: fangs 3, see invisible, unbreathing
a: Bat Form


You were on level 3 of the Dungeon.
You were thirsty.

You visited 1 branch of the dungeon, and saw 3 of its levels.

You collected 63 gold pieces.

Inventory:

Hand Weapons
 a - a +2 dagger (weapon)
 b - a +0 blowgun
Missiles
 e - 18 poisoned needles
 f - 2 curare-tipped needles
Armour
 c - a +0 robe (worn)
 d - a +0 cloak (worn)
 n - a +0 helmet (worn)
Jewellery
 k - a ring of positive energy (left hand)
Scrolls
 h - 6 scrolls of identify {unknown}
 i - 4 scrolls of teleportation {unknown}
 o - a scroll of enchant armour {unknown}
 p - 2 scrolls of remove curse {unknown}
 r - a scroll of recharging {unknown}
Potions
 g - 13 potions of blood
 j - 3 potions of lignification
 m - a potion of curing {unknown}


   Skills:
 - Level 1.7 Fighting
 + Level 3.2 Short Blades
 - Level 1.5 Throwing
 + Level 3.1 Dodging
 + Level 6.9 Stealth


You had 3 spell levels left.
You didn't know any spells.

Dungeon Overview and Level Annotations

Branches:
Dungeon (3/15)

Altars:
Hepliaklqana
Yredelemnul


Innate Abilities, Weirdness & Mutations

You heal slowly.
You have razor-sharp teeth.
You have supernaturally acute eyesight. (SInv)
You can survive without breathing.


Message History

The worker ant misses you.
You catch the helpless worker ant completely off-guard!
You puncture the worker ant!
You kill the worker ant!
Your Dodging skill increases to level 3!
The orc throws a tomahawk.
The tomahawk closely misses the bat.
The tomahawk barely misses you. The bat closely misses you.
You miss the bat. The bat closely misses you.
You hit the goblin.
You kill the goblin!
The bat hits you but does no damage.
You hit the orc. You bite the orc, but do no damage.
The orc is heavily wounded.
The orc closely misses you.
You barely miss the orc. Your bite misses the orc.
The orc is heavily wounded.
You hit the orc.
The orc is almost dead.
The orc hits you with a dagger of draining.
You die...

#....((## #......(#
#.......### #$...##)(.###
#.##%# ##### ##....# #....##
#....##### #....#.
###.ob...# ##>.....
###o##...# ##....... #@##
#.###........ #.(#
............ # ##.##
#......(.
<...###..######........
#.>......#........##g
#############...#>..<.##...#
#..........##..(#.....# ##..
#..........##...#.....# ##
#.............######.######


You could see 2 orcs and a bat.

Vanquished Creatures
  A worker ant (D:3)
  3 adders (D:2)
  A worm (D:2)
  2 dart slugs
  An orc (D:3)
  3 ball pythons
  4 giant cockroaches
  5 goblins
  3 hobgoblins
  7 bats
  4 frilled lizards
  3 kobolds (D:1)
  5 rats
42 creatures vanquished.

Notes
Turn   | Place    | Note
-------+----------+-------------------------------------------
     0 | D:1      | KristoblXynda the Vampire Assassin began the quest for the Orb.
     0 | D:1      | Reached XP level 1. HP: 16/16 MP: 1/1
   237 | D:1      | Reached XP level 2. HP: 22/22 MP: 2/2
   260 | D:1      | Reached skill level 6 in Stealth
   640 | D:2      | Found a basalt altar of Yredelemnul.
   756 | D:2      | Reached XP level 3. HP: 24/27 MP: 3/3
  1203 | D:3      | Found a hazy altar of Hepliaklqana.
  1434 | D:3      | Reached XP level 4. HP: 25/33 MP: 4/4
  1682 | D:3      | Slain by an orc

Vault maps used:
D:1:      elethiomel_arrival_quiet, wad_floor_pattern_untrapped
D:2:      first_bread, yredelemnul_altar_generic
D:3:      overflow_temple_1_default, makhleb_blood_cavern_becter

Skill      XL: |  1  2  3  4 |
---------------+-------------+-----
Stealth        | 6 |  6.9
Dodging        | 2 3 |  3.1
Short Blades   | 3 |  3.2
Fighting       | |  1.7
Throwing       | |  1.5

Action                   |  1- 3 |  4- 6 || total
-------------------------+-------+-------++-------
Melee: Dagger            |    86 |    16 ||   102
       Bite              |    10 |     1 ||    11
 Fire: Blowgun           |     9 |     7 ||    16
  Use: Potion            |       |     4 ||     4
 Stab: Sleeping          |    16 |     1 ||    17
       Invisible         |       |     1 ||     1
Armor: Robe              |    22 |     4 ||    26
Dodge: Dodged            |    62 |    19 ||    81
